 Dungeon Crawl Stone Soup version 0.20-a0-16-g0876c8e (webtiles) character file.

16 FrankyJ the Caller (level 2, 0/16 HPs)
             Began as a Tengu Summoner on Nov 3, 2016.
             Slain by a hobgoblin
             ... wielding a +0 club
              (4 damage)
             ... on level 1 of the Dungeon.
             The game lasted 00:03:28 (1406 turns).

FrankyJ the Caller (Tengu Summoner)                 Turns: 1406, Time: 00:03:29

Health: 0/16       AC:  2    Str:  8    XL:     2   Next: 54%
Magic:  5/6        EV: 12    Int: 15    God:
Gold:   9          SH:  0    Dex: 14    Spells: 1 memorised, 4 levels left

rFire  . . .     SeeInvis .     f - +0 dagger
rCold  . . .     Gourm    .     a - +0 robe
rNeg   . . .     Faith    .     (no shield)
rPois  .         Spirit   .     (helmet restricted)
rElec  .         Reflect  .     (no cloak)
rCorr  .         Harm     .     (no gloves)
MR     .....                    (boots unavailable)
Stlth  ++........               (no amulet)
                                (no ring)
                                (no ring)

@: no status effects
A: beak, talons 3
a: no special abilities


You were on level 1 of the Dungeon.
You were hungry.

You visited 1 branch of the dungeon, and saw 1 of its levels.

You collected 9 gold pieces.

Inventory:

Hand Weapons
 f - a +0 dagger (weapon)
Missiles
 h - 22 stones (quivered)
Armour
 a - a +0 robe (worn)
Jewellery
 e - an uncursed ring of protection from fire {unknown}
Scrolls
 g - a scroll of teleportation {unknown}
Potions
 d - a potion of ambrosia {unknown}
Books
 b - a book of Callings

   Spells                             Type                      Level
   a - Summon Small Mammal            Summoning                    1
   b - Call Imp                       Summoning                    2
   c - Call Canine Familiar           Summoning                    3
   d - Summon Guardian Golem          Hexes/Summoning              3
   e - Summon Lightning Spire         Summoning/Air                4
   f - Summon Ice Beast               Ice/Summoning                4
Comestibles
 c - a bread ration


   Skills:
 + Level 1.1 Fighting
 + Level 0.9 Armour
 - Level 2.1 Dodging
 - Level 2.0 Stealth
 * Level 2.3 Spellcasting
 + Level 4.8 Summonings


You had 4 spell levels left.
You knew the following spells:

 Your Spells              Type           Power        Failure   Level  Hunger
a - Summon Small Mammal   Summ           ###.         3%          1    #......


Dungeon Overview and Level Annotations

Branches:
Dungeon (1/15)

Altars:


Innate Abilities, Weirdness & Mutations

You have a beak for a mouth.
You have claws for feet.


Message History

You butcher the bat corpse.
i - 2 chunks of flesh (gained 1)
You start waiting.
Some of the chunks of flesh in your inventory have rotted away.
All of the chunks of flesh in your inventory have rotted away.
Done waiting.
h - 22 stones (gained 18)
A hobgoblin comes into view. It is wielding a club.
A hobgoblin is nearby!
The hobgoblin shouts!
Casting: Summon Small Mammal
Confirm with . or Enter, or press ? or * to list all spells.
You are feeling hungry.
Unknown command.
The hobgoblin hits you with a club.
Found 2 throwing nets.
You hit the hobgoblin but do no damage. The hobgoblin hits you with a club!
* * * LOW HITPOINT WARNING * * *
You barely miss the hobgoblin. The hobgoblin hits you with a club.
You die...

#)###........ #............
.# #.###.###.#########. #
........#.# .. . #[###.#.#.#
.#.# #.###.#.#.#######.#.###.
.......................(
#.###.#.#...............
#.#........r@g......
#.#.###############.
#.#.....###....#### #.#......
+....+..# #.##.##.###....##.#
#. #.#.......'....'..# #.#
#.####...##....#### # #.#####
#...).............#.#.#.##<#.
######.#.#####..#.#.#.#.##.#o


You could see a hobgoblin and a friendly rat.

Vanquished Creatures
  2 giant cockroaches (D:1)
  2 hobgoblins (D:1)
  3 jackals (D:1)
  2 kobolds (D:1)
  2 bats (D:1)
  3 rats (D:1)
14 creatures vanquished.

Notes
Turn   | Place    | Note
-------+----------+-------------------------------------------
     0 | D:1      | FrankyJ the Tengu Summoner began the quest for the Orb.
     0 | D:1      | Reached XP level 1. HP: 10/10 MP: 4/4
   927 | D:1      | Reached XP level 2. HP: 12/16 MP: 6/6
  1073 | D:1      | Reached skill level 1 in Fighting
  1406 | D:1      | Slain by a hobgoblin

Vault maps used:
D:1:      doesnt_arrival_goblin_jail, solitary_fountain

Skill      XL: |  1  2 |
---------------+-------+-----
Fighting       | 1 |  1.1
Armour         | |  0.9
Dodging        | |  2.1
Stealth        | |  2.0
Spellcasting   | |  2.3
Summonings     | |  4.8

Action                   || total
-------------------------++-------
Melee: Dagger            ||    65
       Peck              ||     7
       Kick              ||     3
 Cast: Summon Small Mamm ||     1
 Stab: Sleeping          ||     1
  Eat: Chunk             ||     1
Armor: Robe              ||    15
Dodge: Dodged            ||    46
